Map: Shrines of Lizul

Players

PureLegacy - Winner!

  • Race: Terran Terran
  • Spawn Location: 3:00

EGGrOLL - Winner!

  • Race: Protoss Protoss
  • Spawn Location: 12:00

Cedric

  • Race: Terran Terran
  • League: Gold
  • Spawn Location: 9:00

David

  • Race: Zerg Zerg
  • Spawn Location: 6:00

VOD

Have the link to the VOD?

Description

Time

  • Played on: Nov. 30, 2018, 7:23 p.m.
  • Length: 5:08
Show
View Real Time Build Order
Export as new Build Order

PureLegacy Terran - Winner!

Build Orders:  

Get SALT Encoding   

  12  0:03  SCV  
  13  0:15  SCV  
  13  0:21  Supply Depot  
  14  0:27  SCV  
  15  0:31  Refinery  
  15  0:42  SCV  
  16  0:48  Barracks  
  16  0:54  SCV  
  17  1:05  Barracks  
  17  1:19  Barracks  
  17  1:23  SCV  
  18  1:41  Reaper, Orbital Command  
  19  1:51  Refinery  
  19  1:52  Reaper  
  20  2:02  Supply Depot  
  20  2:10  Reaper  
  20  2:13  Reaper  
  20  2:14  SCV  
  23  2:27  Supply Depot, Reaper  
  24  2:39  SCV  
  24  2:42  Reaper  
  26  2:45  Reaper  
  27  2:59  Reaper  
  27  3:01  SCV  
  29  3:06  Command Center  
  29  3:17  Reaper  
  29  3:19  Reaper  
  31  3:40  Reaper  
  32  3:45  SCV  
  33  3:49  Barracks x2  
  33  3:51  Reaper  
  34  4:06  Reaper  
  34  4:08  SCV  
  36  4:18  Reaper  
  36  4:25  Reaper  
  36  4:26  Orbital Command  
  36  4:28  SCV  
  38  4:43  SCV  
  42  4:50  Barracks x2, Supply Depot  
Show
View Real Time Build Order
Export as new Build Order

EGGrOLL Protoss - Winner!

Build Orders:  

Get SALT Encoding   

  12  0:01  Probe  
  13  0:13  Probe  
  14  0:19  Pylon  
  14  0:23  Probe  
  15  0:33  Probe  
  15  0:40  Gateway  
  15  0:42  Probe  
  17  0:54  Probe  
  17  0:55  Assimilator  
  18  0:58  Pylon  
  18  1:06  Probe  
  19  1:14  Probe  
  20  1:22  Gateway  
  20  1:27  Cybernetics Core  
  20  1:40  Zealot  
  20  1:45  Forge  
  22  1:49  Probe  
  23  1:56  Warp Gate  
  23  1:58  Pylon  
  23  2:07  Zealot  
  25  2:21  Photon Cannon  
  25  2:24  Photon Cannon  
  25  2:28  Adept  
  27  2:33  Assimilator  
  27  2:40  Zealot  
  29  2:59  Stalker  
  31  3:07  Stalker  
  25  3:47  Twilight Council  
  25  3:52  Gateway  
  25  3:54  Gateway  
  25  3:59  Stalker x2  
  29  4:19  Shield Battery  
  29  4:23  Nexus  
  23  5:05  Dark Shrine  
Show
View Real Time Build Order
Export as new Build Order

Cedric Terran 

Build Orders:  

Get SALT Encoding   

  12  0:00  SCV  
  13  0:13  SCV  
  14  0:24  Supply Depot  
  14  0:27  SCV  
  15  0:34  Refinery  
  15  0:48  Barracks  
  15  0:50  SCV  
  16  0:58  Supply Depot  
  16  1:03  SCV  
  17  1:15  Barracks  
  17  1:21  Refinery  
  17  1:31  SCV  
  18  1:41  Barracks Tech Lab  
  18  1:43  SCV  
  19  1:49  Barracks  
  19  1:56  SCV  
  20  2:09  Marine  
  20  2:11  Marine  
  20  2:12  Combat Shield  
  20  2:15  SCV  
  23  2:27  Marine  
  23  2:28  Marine  
  25  2:38  Marine  
  26  2:45  Marine  
  26  2:53  Marine  
  27  3:00  Factory  
  27  3:02  Marine  
  27  3:03  Marine  
  27  3:04  Orbital Command  
  29  3:20  Marine x2  
  26  3:49  Widow Mine  
  26  3:51  Marine  
  26  3:52  Marine x2  
  24  4:09  Marine  
  5  4:24  Marine  
  5  4:25  Marine  
  5  4:27  Marine  
  5  4:28  Factory Tech Lab  
  6  4:31  SCV  
  7  4:42  Marine  
  7  4:43  SCV  
Show
View Real Time Build Order
Export as new Build Order

David Zerg 

Build Orders: Pool Only, Ravager All-In 

Get SALT Encoding   

  12  0:02  Drone  
  13  0:12  Drone  
  14  0:18  Overlord  
  14  0:36  Spawning Pool  
  13  0:44  Drone  
  13  0:45  Drone, Extractor  
  14  1:02  Drone x2  
  16  1:10  Drone  
  17  1:20  Drone  
  17  1:25  Roach Warren  
  17  1:34  Drone  
  17  1:36  Queen  
  17  1:38  Drone  
  21  1:49  Drone  
  22  2:03  Overlord  
  22  2:11  Drone, Extractor  
  22  2:29  Roach  
  24  2:34  Roach  
  25  2:46  Drone  
  25  2:47  Roach x2  
  25  2:49  Overlord  
  30  3:08  Ravager  
  30  3:10  Ravager  
  30  3:12  Roach x2  
  29  3:21  Roach x3  
  27  3:33  Roach  
  20  3:43  Drone  
  21  3:53  Drone  
  21  3:54  Queen  
  24  3:59  Ravager  
  24  4:00  Ravager x2  
  27  4:36  Overlord  
  27  4:37  Overlord  
  27  4:38  Drone  
Tags
 
Add a new tag
Caveats
  • Supply blocks, unpowered buildings, or Contaminate may cause inaccurate times.
  • Supply counts are checked every 10 seconds.